 Dungeon Crawl Stone Soup version 0.21.1-1-g345015fe64 (webtiles) character file.

120 Faustar the Cudgeler (level 5, -3/33 HPs)
             Began as a Gargoyle Gladiator on Feb 7, 2018.
             Killed by divine providence
             ... invoked by an orc priest
              (13 damage)
             ... on level 3 of the Dungeon.
             The game lasted 00:01:50 (2196 turns).

Faustar the Cudgeler (Gargoyle Gladiator)           Turns: 2196, Time: 00:01:51

Health: -3/33      AC:  8    Str: 19    XL:     5   Next: 4%
Magic:  5/5        EV: 12    Int:  8    God:
Gold:   187        SH:  0    Dex: 11    Spells: 4/4 levels left

rFire    . . .     SeeInvis .   a - +0 flail
rCold    . . .     Gourm    .   (no shield)
rNeg     + . .     Faith    .   b - +0 leather armour
rPois    ∞         Spirit   .   c - +0 helmet
rElec    +         Reflect  .   (no cloak)
rCorr    .         Harm     .   (no gloves)
MR       .....                  (no boots)
Stlth    +.........             (no amulet)
HPRegen  0.11/turn              (no ring)
MPRegen  0.09/turn              (no ring)

@: no status effects
A: negative energy resistance 1, electricity resistance, unbreathing,
petrification resistance, rot immunity, AC +4
a: no special abilities


You were on level 3 of the Dungeon.
You were not hungry.

You visited 1 branch of the dungeon, and saw 3 of its levels.

You collected 187 gold pieces.

Inventory:

Hand Weapons
 a - a +0 flail (weapon)
Missiles
 d - 3 throwing nets (quivered)
Armour
 b - a +0 leather armour (worn)
 c - a +0 helmet (worn)
Jewellery
 j - a +3 ring of protection {unknown}
 l - an uncursed ring of flight {unknown}
Scrolls
 g - a scroll of fear {unknown}
 h - 2 scrolls of teleportation {unknown}
 i - a scroll of enchant weapon {unknown}
 m - 3 scrolls of remove curse {unknown}
 n - a scroll of enchant armour {unknown}
 o - a scroll of magic mapping {unknown}
 q - a scroll of fog {unknown}
Potions
 e - 2 potions of agility {unknown}
 k - 3 potions of lignification {unknown}
 r - a potion of might {unknown}
Comestibles
 f - 3 rations


   Skills:
 + Level 4.2 Fighting
 + Level 4.4 Maces & Flails
 - Level 1.7 Throwing
 - Level 2.4 Dodging


You had 4 spell levels left.
You didn't know any spells.

Dungeon Overview and Level Annotations

Branches:
Dungeon (3/15)

Altars:
Gozag
Okawaru
Zin
The Shining One


Innate Abilities, Weirdness & Mutations

You are resistant to torment.
Your stone body is resilient. (AC +4)
You are immune to poison.
You resist negative energy. (rN+)
You are resistant to electric shocks. (rElec)
You can survive without breathing.
You are immune to petrification.
You are immune to rotting.


Message History

You are too injured to fight recklessly!
You are too injured to fight recklessly!
You are too injured to fight recklessly!
You are too injured to fight recklessly!
You are too injured to fight recklessly!
You are too injured to fight recklessly!
You are too injured to fight recklessly!
You hit the orc priest.
The orc priest is almost dead.
The orc priest invokes the aid of Beogh against you.
Pain shoots through your body!
* * * LOW HITPOINT WARNING * * *
You sock the orc priest!
You kill the orc priest!
Your Fighting skill increases to level 4!
You have reached level 5!
The orc priest looks encouraged for a moment.
The orc priest calls down the wrath of Beogh upon you.
Beogh smites you!
You die...

##.....## ###.# #.####.#
#.......## ##.#.## #.......
#...(.....####.....########....
+.........'....................
#.........####.......######....
##.......## #........#####.#.#
##.....## #.#.....##........
##...## #.##...###........ ##+#
#@###.## #......†. #o# ###
#........ .o# #........ #..#
#........ #..# #........ #..#
#........ ...# #........ ...#
#########


You could see an orc priest and an orc wizard.

Vanquished Creatures
  An orc priest (D:3)
  4 adders
  A worm (D:3)
  A dart slug (D:1)
  A leopard gecko (D:1)
  2 orcs
  3 giant cockroaches
  7 hobgoblins
  A jackal (D:1)
  4 kobolds
  A ball python (D:3)
  10 bats
  5 frilled lizards (D:1)
  6 goblins
  3 rats (D:1)
50 creatures vanquished.

Notes
Turn   | Place    | Note
-------+----------+-------------------------------------------
     0 | D:1      | Faustar the Gargoyle Gladiator began the quest for the Orb.
     0 | D:1      | Reached XP level 1. HP: 12/12 MP: 1/1
   269 | D:1      | Reached XP level 2. HP: 18/18 MP: 2/2
   736 | D:1      | Reached XP level 3. HP: 21/23 MP: 3/3
  1473 | D:2      | Found an opulent altar of Gozag.
  1827 | D:3      | Reached XP level 4. HP: 28/28 MP: 4/4
  1855 | D:3      | Found a glowing silver altar of Zin.
  1855 | D:3      | Found a glowing golden altar of the Shining One.
  2072 | D:3      | Found an iron altar of Okawaru.
  2195 | D:3      | Reached XP level 5. HP: 10/33 MP: 5/5
  2196 | D:3      | Killed from afar by an orc priest

Skill      XL: |  1  2  3  4 |
---------------+-------------+-----
Fighting       | 3 4 |  4.2
Maces & Flails | 4 |  4.4
Throwing       | |  1.7
Dodging        | |  2.4

Action                   |  1- 3 |  4- 6 || total
-------------------------+-------+-------++-------
Melee: Flail             |   119 |    46 ||   165
 Stab: Sleeping          |     1 |       ||     1
  Eat: Chunk             |     2 |     2 ||     4
Armor: Leather armour    |    64 |    17 ||    81
Dodge: Dodged            |   110 |    30 ||   140
